 Dungeon Sprint DCSS version 0.17.1-2-g5865329 (webtiles) character file.

1200000 Banto the Spry (level 11, -18/92 HPs)
             Began as a Demonspawn Gladiator on Feb 16, 2016.
             Was an Initiate of Makhleb.
             Demolished by a meat berserker
             ... wielding a +9 battleaxe
              (65 damage)
             ... in the Dungeon (Sprint VIII: "Arena of Blood").
             The game lasted 00:00:14 (12 turns).

Banto the Spry (Demonspawn Gladiator)                 Turns: 12, Time: 00:00:14

Health: -18/92     AC:  3    Str: 15    XL:     11   Next: 71%
Magic:  11/11      EV: 23    Int: 11    God:    Makhleb [......]
Gold:   0          SH:  0    Dex: 16    Spells: 0 memorised, 10 levels left

rFire  . . .     SeeInvis .     l - +∞ Axe of Woe
rCold  . . .     Clarity  .     b - +0 leather armour
rNeg   . . .     SustAt   .     (shield currently unavailable)
rPois  .         Gourm    .     (helmet restricted)
rElec  .         Spirit   .     (no cloak)
rCorr  .         Warding  .     (no gloves)
rMut   .         NoTele   +     (no boots)
MR     .....                    (no amulet)
Stlth  +.........               (no ring)
                                (no ring)

@: not resistant to hostile enchantments, very unstealthy
A: claws 2, hooves 2, horns 1, demonic guardian 1, powered by death 1
a: Renounce Religion


You were in the Dungeon.
You worshipped Makhleb.
Makhleb was noncommittal.
You were not hungry.

You visited 1 branch

Inventory:

Hand Weapons
 a - a +0 war axe
 l - the +∞ Axe of Woe (weapon)
   (You found it in the Dungeon)
Missiles
 d - 3 throwing nets (quivered)
Armour
 b - a +0 leather armour (worn)
 c - a +0 helmet
Scrolls
 k - a scroll of blinking
Potions
 f - a potion of curing
 g - a potion of heal wounds
 h - a potion of haste
 i - 2 potions of magic
 j - a potion of berserk rage
Comestibles
 e - a bread ration


   Skills:
 + Level 10.3 Fighting
 + Level 16.5 Axes
 + Level 9.5 Throwing
 + Level 16.5 Dodging


You had 10 spell levels left.
You didn't know any spells.

Dungeon Overview and Level Annotations

Branches:
Dungeon (1/1)

Altars:
Makhleb


Innate Abilities, Weirdness & Mutations

You have very sharp fingernails.
You have hoof-like feet.
You have a pair of small horns on your head.
A weak demonic guardian rushes to your aid.
You regenerate a little health from kills.


Message History

Your feet thicken and deform.
You have reached level 8!
You feel clever.
Your demonic ancestry asserts itself...
A pair of horns grows on your head!
Your +0 helmet falls away!
You have reached level 9!
Your experience leads to an increase in your attributes!
Increase (S)trength, (I)ntelligence, or (D)exterity?
You feel agile.
You have reached level 10!
Your demonic ancestry asserts itself...
Your feet thicken and deform.
You have reached level 11!
The meat berserker rages.
You hear a shout!
The meat berserker rages.
You hear a shout! x10
The meat berserker hits you with a +9 battleaxe!!!
Ouch! That really hurt!
You die...

###.....##o##...
...o.............
.....o...o#.#....
.....oo...........
#....o..o.........
.#....5...........
.......o.........
.......@O..oo....
.....#.O.....#O.
... #O......# .
.###.......###...
......###........
......._.........
..o.#.....#......
....#_.<._#......
... #.....# .....


You could see 4 meat berserkers, 12 bags of meat and a friendly crimson imp.

Vanquished Creatures
  An orc (D)
1 creature vanquished.

Notes
Turn   | Place    | Note
--------------------------------------------------------------
     0 | D        | Banto the Demonspawn Gladiator began the quest for the Orb.
     0 | D        | Reached XP level 1. HP: 16/16 MP: 1/1
     2 | D        | Noticed a bag of meat
     3 | D        | Became a worshipper of Makhleb the Destroyer
     8 | D        | Noticed a bag of meat
     8 | D        | Noticed a meat berserker
     8 | D        | Noticed a bag of meat
     9 | D        | Noticed a bag of meat
     9 | D        | Noticed a bag of meat
     9 | D        | Noticed a meat berserker
     9 | D        | Noticed a bag of meat
     9 | D        | Noticed a bag of meat
    10 | D        | Noticed a bag of meat
    10 | D        | Noticed a meat berserker
    10 | D        | Noticed a meat berserker
    10 | D        | Noticed a bag of meat
    10 | D        | Noticed a bag of meat
    10 | D        | Noticed a bag of meat
    10 | D        | Noticed a bag of meat
    12 | D        | Noticed a bag of meat
    12 | D        | Noticed a bag of meat
    12 | D        | Killed a bag of meat
    12 | D        | Reached skill level 10 in Fighting
    12 | D        | Reached skill level 16 in Axes
    12 | D        | Gained mutation: You have sharp fingernails. [demonic ancestry]
    12 | D        | Reached XP level 2. HP: 19/36 MP: 2/2
    12 | D        | Gained mutation: You regenerate a little health from kills. [demonic ancestry]
    12 | D        | Reached XP level 3. HP: 22/42 MP: 3/3
    12 | D        | Reached XP level 4. HP: 25/48 MP: 4/4
    12 | D        | Gained mutation: A weak demonic guardian rushes to your aid. [demonic ancestry]
    12 | D        | Reached XP level 5. HP: 28/54 MP: 5/5
    12 | D        | Gained mutation: You have very sharp fingernails. [demonic ancestry]
    12 | D        | Reached XP level 6. HP: 31/61 MP: 6/6
    12 | D        | Gained mutation: You have large cloven feet. [demonic ancestry]
    12 | D        | Reached XP level 7. HP: 34/67 MP: 7/7
    12 | D        | Gained mutation: You have a pair of small horns on your head. [demonic ancestry]
    12 | D        | Reached XP level 8. HP: 37/73 MP: 8/8
    12 | D        | Reached XP level 9. HP: 40/79 MP: 9/9
    12 | D        | Gained mutation: You have hoof-like feet. [demonic ancestry]
    12 | D        | Reached XP level 10. HP: 43/86 MP: 10/10
    12 | D        | Reached XP level 11. HP: 46/92 MP: 11/11
    12 | D        | Demolished by a meat berserker

Action                   |  1- 3 |  4- 6 |  7- 9 | 10-12 || total
-------------------------+-------+-------+-------+-------++-------
Melee: Executioner's axe |     1 |       |       |       ||     1
